 Dungeon Sprint DCSS version 0.29-a0-359-g541a27f54d (webtiles) character file.

Game seed: 15862010115600896148

1160 Zeldest the Carver (level 8, -2/63 HPs)
             Began as an Octopode Monk on Apr 28, 2022.
             Was a High Priest of Cheibriados.
             Slain by a tengu warrior
             ... wielding a +1 great mace
              (13 damage)
             ... in the Dungeon (Sprint IX: "|||||||||||||||||||||||||||||").
             The game lasted 00:01:29 (114 turns).

Zeldest the Carver (Octopode Monk)                   Turns: 114, Time: 00:01:29

Health: -2/63      AC:  1    Str: 22    XL:     8   Next: 39%
Magic:  8/8        EV: 25    Int: 23    God:    Cheibriados [*****.]
Gold:   0          SH:  0    Dex: 30    Spells: 7/7 levels left

rFire   . . .      SeeInvis .   j - +2 scimitar (flame)
rCold   . . .      Faith    .   (no shield)
rNeg    . . .      Spirit   .   (helmet restricted)
rPois   .          Reflect  .   (no amulet)
rElec   .          Harm     .   k - +2 ring of evasion
rCorr   .          Rampage  .   l - +3 ring of dexterity
Will    .....      NoTele   +   (no ring)
Stlth   +++++.....              (no ring)
HPRegen 0.20/turn               (no ring)
MPRegen 0.11/turn               (no ring)
                                (no ring)
                                (no ring)

@: very slow
A: almost no armour, amphibious, 8 rings, camouflage 1, gelatinous body 1,
(nimble swimmer 1), tentacles
a: Renounce Religion, Bend Time, Temporal Distortion, Slouch, Step From Time


You were in the Dungeon.
You worshipped Cheibriados.
Cheibriados was extremely pleased with you.
You visited 1 branch

Inventory:

Hand Weapons
 a - a +0 falchion
 j - a +2 scimitar of flaming (weapon)
Jewellery
 k - a +2 ring of evasion (left tentacle)
 l - a +3 ring of dexterity (right tentacle)
Scrolls
 g - 2 scrolls of amnesia
 h - 2 scrolls of blinking
Potions
 b - a potion of ambrosia
 c - 5 potions of curing
 d - 3 potions of heal wounds
 f - 4 potions of magic


   Skills:
 + Level 9.6 Fighting
 * Level 12.4 Long Blades
 + Level 9.6 Dodging
 - Level 6.4 Stealth


You had 7 spell levels left.
You didn't know any spells.
Your spell library was empty.

Dungeon Overview and Level Annotations

Branches:
Dungeon (1/1)

Altars:
Cheibriados
Dithmenos
Elyvilon
Fedhas
Gozag
Hepliaklqana
Kikubaaqudgha
Makhleb
Nemelex Xobeh
Okawaru
Qazlal
Ru
Sif Muna
Trog
Uskayaw
Vehumet
Wu Jian
Xom
Yredelemnul
Zin
The Shining One
Beogh
Jiyva
Lugonu


Innate Abilities, Weirdness & Mutations

You cannot wear most types of armour.
You are amphibious.
You can wear up to eight rings at the same time.
Your skin changes colour to match your surroundings (Stealth+).
Your rubbery body absorbs attacks. (AC +1, EV +1)
((You are camouflaged when in or above water. (Stealth+)))
You have tentacles for arms and can constrict up to eight enemies at once.


Message History

The red ugly thing is heavily wounded.
The bolt of acid hits the centaur warrior!
The centaur warrior seems to be corroded for longer.
The centaur warrior is heavily wounded.
The bolt of acid hits the howler monkey!
The acid corrodes the howler monkey!
The howler monkey is heavily wounded.
The tengu warrior misses you. x2
The tengu warrior claws you but does no damage.
Aiming: Corrosive Bolt
Press: ? - help, Shift-Dir - straight line, f/p - tengu warrior
Aim: a tengu warrior, wielding a +1 great mace and wearing a +0 ring mail (lightly wounded, covered in acid, 50% to hit)
The bolt of acid hits the tengu warrior!
The tengu warrior is moderately wounded.
The bolt of acid misses the red ugly thing.
The bolt of acid hits the centaur warrior!
The centaur warrior seems to be corroded for longer.
The centaur warrior is severely wounded.
The bolt of acid hits the howler monkey!
The howler monkey seems to be corroded for longer.
You kill the howler monkey!
Cheibriados appreciates the change of pace.
You can now step out of the flow of time.
Cheibriados raises the support of your attributes as your movement slows.
The tengu warrior barely misses you. The tengu warrior pecks you!
* * * LOW HITPOINT WARNING * * *
The tengu warrior claws you!
* * * LOW HITPOINT WARNING * * *
Aiming: Corrosive Bolt
Press: ? - help, Shift-Dir - straight line, f/p - tengu warrior
Aim: a tengu warrior, wielding a +1 great mace and wearing a +0 ring mail (moderately wounded, covered in acid, 50% to hit)
The bolt of acid misses the tengu warrior.
The bolt of acid hits the red ugly thing!
The red ugly thing is severely wounded.
The bolt of acid hits the centaur warrior!
The centaur warrior seems to be corroded for longer.
The centaur warrior is almost dead.
The now-empty wand crumbles to dust.
The tengu warrior hits you with a +1 great mace!
You die...

▓.▓
▓.▓
▓.▓
▓†▓
▓c▓
▓u▓
▓Q▓
▓@▓
▓.▓
▓)▓
▓)▓
▓†▓
▓)▓
▓'▓
▓.▓
▓.▓


You could see a red ugly thing (corroded), a tengu warrior (corroded) and a
centaur warrior (corroded).

Vanquished Creatures
  An ugly thing (D)
  A troll (D)
  A wraith (D)
  A wyvern (D)
  A centaur (D)
  A kobold brigand (D)
  A scorpion (D)
  2 howler monkeys (D)
  An orc wizard (D)
  An adder (D)
  An ufetubus (D)
  An orc (D)
  A goblin (D)
  A jackal (D)
  2 quokkas (D)
  A frilled lizard (D)
  A kobold (D)
19 creatures vanquished.

Notes
Turn   | Place    | Note
-------+----------+-------------------------------------------
     0 | D        | Zeldest the Octopode Monk began the quest for the Orb.
     0 | D        | Reached XP level 1. HP: 16/16 MP: 1/1
    22 | D        | Noticed a scorpion
    25 | D        | Reached XP level 2. HP: 21/21 MP: 2/2
    32 | D        | Reached skill level 4 in Long Blades
    32 | D        | Reached XP level 3. HP: 22/27 MP: 3/3
    35 | D        | Killed a scorpion
    36 | D        | Reached skill level 5 in Fighting
    36 | D        | Reached skill level 5 in Long Blades
    36 | D        | Reached skill level 5 in Dodging
    36 | D        | Reached XP level 4. HP: 23/35 MP: 4/4
    41 | D        | Found a snail-covered altar of Cheibriados.
    41 | D        | Found a shadowy altar of Dithmenos.
    41 | D        | Found a white marble altar of Elyvilon.
    41 | D        | Found a blossoming altar of Fedhas.
    41 | D        | Found an opulent altar of Gozag.
    42 | D        | Found a hazy altar of Hepliaklqana.
    43 | D        | Found a viscous altar of Jiyva.
    44 | D        | Found an ancient bone altar of Kikubaaqudgha.
    45 | D        | Became a worshipper of Cheibriados the Contemplative
    45 | D        | Reached * piety under Cheibriados
    45 | D        | Reached ** piety under Cheibriados
    46 | D        | Found a corrupted altar of Lugonu.
    47 | D        | Found a burning altar of Makhleb.
    48 | D        | Found a sparkling altar of Nemelex Xobeh.
    49 | D        | Found an iron altar of Okawaru.
    50 | D        | Found a stormy altar of Qazlal.
    51 | D        | Found a sacrificial altar of Ru.
    52 | D        | Found a shimmering blue altar of Sif Muna.
    53 | D        | Found a bloodstained altar of Trog.
    54 | D        | Found a hide-covered altar of Uskayaw.
    55 | D        | Found a radiant altar of Vehumet.
    56 | D        | Found an ornate altar of the Wu Jian Council.
    57 | D        | Found a shimmering altar of Xom.
    58 | D        | Found a basalt altar of Yredelemnul.
    59 | D        | Found a glowing silver altar of Zin.
    60 | D        | Found a glowing golden altar of the Shining One.
    86 | D        | Noticed a wyvern
    86 | D        | Noticed a kobold brigand
    86 | D        | Noticed a centaur
    86 | D        | Noticed a wraith
    92 | D        | Reached skill level 6 in Long Blades
    92 | D        | Reached XP level 5. HP: 27/41 MP: 5/5
    95 | D        | Killed a centaur
    95 | D        | Reached *** piety under Cheibriados
    95 | D        | Killed a kobold brigand
    95 | D        | Killed a wyvern
    96 | D        | Reached skill level 9 in Long Blades
    96 | D        | Reached XP level 6. HP: 21/50 MP: 6/6
    96 | D        | Reached XP level 7. HP: 23/54 MP: 7/7
    97 | D        | Killed a wraith
    97 | D        | Reached **** piety under Cheibriados
    98 | D        | Reached skill level 10 in Long Blades
   103 | D        | Noticed a centaur warrior
   103 | D        | Noticed a red ugly thing
   103 | D        | Noticed a tengu warrior
   103 | D        | Noticed a brown ugly thing
   103 | D        | Noticed a troll
   107 | D        | Killed a troll
   108 | D        | Reached skill level 11 in Long Blades
   110 | D        | Killed a brown ugly thing
   111 | D        | Reached skill level 12 in Long Blades
   111 | D        | Reached XP level 8. HP: 31/63 MP: 8/8
   113 | D        | Reached ***** piety under Cheibriados
   114 | D        | Slain by a tengu warrior

Illustrated notes

Levels and vault maps discovered:
D:        linesprint [early_d, line_temple, items_1, d_10, items_2, lair_1,
          lair_end, items_3, orc_1, orc_end, items_4, d_15, swamp_1, shoals_1,
          snake_1, spider_1, d_20, vaults_1, items_5, swamp_end, shoals_end,
          snake_end, spider_end, vaults_end, d_27, items_6, zot_1, zot_end,
          crypt_end, forest_end, elf_end, slime_end, tomb_end, abyss_end,
          pan_hell_end]

Skill      XL: |  1  2  3  4  5  6  7 |
---------------+----------------------+-----
Stealth        | 3 4 6 |  6.4
Fighting       | 4 5 7 9 |  9.6
Long Blades    | 4 5 6 9 12 | 12.4
Dodging        | 4 5 7 9 |  9.6

Action                   |  1- 3 |  4- 6 |  7- 9 || total
-------------------------+-------+-------+-------++-------
Melee: Falchion          |    22 |       |       ||    22
       Constrict         |     4 |     1 |     1 ||     6
       Tentacles         |     3 |       |     4 ||     7
       Punch             |     1 |       |       ||     1
       Scimitar          |       |     4 |     6 ||    10
Evoke: Wand              |       |     3 |     7 ||    10
  Use: Potion            |     2 |     1 |       ||     3
 Stab: Sleeping          |       |     2 |       ||     2
Armor: Skin              |       |       |     1 ||     1
Dodge: Dodged            |    14 |     5 |     8 ||    27

Table legend: (Time is in decaauts)
 A = Elapsed time spent in this place.
 B = Non-inter-level travel time spent in this place.
 C = Inter-level travel time spent in this place.
 D = Time resting spent in this place.
 E = Time spent auto-exploring this place.
 F = Levels seen in this place.
 G = Mean time per level.
                   A        B        C        D        E       F      G
               +--------+--------+--------+--------+--------+-----+--------+
         Total |    129 |    129 |      0 |      0 |      0 |   1 |  129.0 |
       Dungeon |    129 |    129 |      0 |      0 |      0 |   1 |  129.0 |
               +--------+--------+--------+--------+--------+-----+--------+

Top non-repeatable levels by time:
       D: 129 daAuts
